 Dungeon Crawl Stone Soup version 0.20-a0-738-gb057e68 (webtiles) character file.

63 polly the Slasher (level 3, -17/28 HPs)
             Began as a Demonspawn Gladiator on Feb 23, 2017.
             Killed from afar by Ijyb (22 damage)
             ... with a wand of acid (?/15)
             ... on level 2 of the Dungeon.
             The game lasted 00:01:25 (1600 turns).

polly the Slasher (Demonspawn Gladiator)            Turns: 1600, Time: 00:01:26

Health: -17/28     AC:  0    Str: 15    XL:     3   Next: 89%
Magic:  0/3        EV: 13    Int:  9    God:
Gold:   114        SH:  0    Dex: 14    Spells: 2/2 levels left

rFire    . . .     SeeInvis .   a - +0 long sword
rCold    . . .     Gourm    .   b - +0 leather armour
rNeg     . . .     Faith    .   (no shield)
rPois    .         Spirit   +   (helmet restricted)
rElec    .         Reflect  .   (no cloak)
rCorr    .         Harm     .   (no gloves)
MR       .....                  (no boots)
Stlth    +.........             (no amulet)
Regen    0.1/turn               (no ring)
MPRegen  0.1/turn               (no ring)

@: corroded
A: antennae 1, magic shield
a: no special abilities


You were on level 2 of the Dungeon.
You were not hungry.

You visited 1 branch of the dungeon, and saw 2 of its levels.

You collected 114 gold pieces.

Inventory:

Hand Weapons
 a - a +0 long sword (weapon)
Missiles
 d - 3 throwing nets (quivered)
Armour
 b - a +0 leather armour (worn)
 c - a +0 helmet
Jewellery
 j - an uncursed ring of resist corrosion {unknown}
Scrolls
 e - 3 scrolls of identify {unknown}
 h - 3 scrolls of remove curse {unknown}
 i - a scroll of enchant armour {unknown}
 k - a scroll of amnesia {unknown}
Potions
 l - a potion of heal wounds {unknown}
 m - a potion of curing {unknown}
Comestibles
 f - 2 bread rations
 g - 2 royal jellies


   Skills:
 + Level 2.6 Fighting
 + Level 3.6 Long Blades
 + Level 1.8 Throwing
 + Level 0.3 Armour
 + Level 3.0 Dodging
 + Level 0.2 Stealth


You had 2 spell levels left.
You didn't know any spells.

Dungeon Overview and Level Annotations

Branches:
Dungeon (2/15)

Altars:

Annotations:
D:2 Ijyb


Innate Abilities, Weirdness & Mutations

You have a pair of small antennae on your head.
When hurt, damage is shared between your health and your magic reserves.


Message History

Ijyb is moderately wounded.
Ijyb closely misses you.
You hit Ijyb.
Ijyb is moderately wounded.
Ijyb hits you with a club.
You hit Ijyb.
Ijyb is heavily wounded.
Ijyb zaps a wand.
The bolt of acid hits you!
Ouch! That really hurt!
The acid corrodes you!
You are splashed with acid!
The acid burns!
* * * LOW HITPOINT WARNING * * *
It is a wand of acid (?/15).
You closely miss Ijyb.
Ijyb is heavily wounded.
Ijyb hits you but does no damage.
You hit Ijyb but do no damage.
Ijyb is heavily wounded.
Ijyb zaps a wand.
The bolt of acid hits you!
Ouch! That really hurt!
You die...

#.# #... #.#
##... #.#
#8... #.#
##... #.#
#... ####
#.# ##...
#... #.#
#8...
####...###.#
##...
......g@...#
#...
####...#####
#### #...
#... #...
#... #...
####


You could see Ijyb.

Vanquished Creatures
  2 adders (D:2)
  A worm (D:2)
  4 dart slugs (D:1)
  A leopard gecko (D:1)
  3 giant cockroaches
  2 goblins
  5 hobgoblins
  4 kobolds
  2 ball pythons (D:1)
  6 bats
  A frilled lizard (D:1)
  3 rats (D:1)
34 creatures vanquished.

Notes
Turn   | Place    | Note
-------+----------+-------------------------------------------
     0 | D:1      | polly the Demonspawn Gladiator began the quest for the Orb.
     0 | D:1      | Reached XP level 1. HP: 16/16 MP: 1/1
   175 | D:1      | Gained mutation: When hurt, damage is shared between your health and your magic reserves. [demonic ancestry]
   175 | D:1      | Reached XP level 2. HP: 15/22 MP: 2/2
   929 | D:1      | Gained mutation: You have a pair of small antennae on your head. [demonic ancestry]
   929 | D:1      | Reached XP level 3. HP: 28/28 MP: 3/3
  1592 | D:2      | Noticed Ijyb
  1600 | D:2      | Killed from afar by Ijyb

Vault maps used:
D:1:      dpeg_arrival_rooms_with_view, minmay_surrounded
D:2:      serial_corexii_hall, corexii_hall_statues_t,
          corexii_hall_statues_deadend, corexii_hall_statues_u,
          corexii_hall_statues_s, uniq_iyjb, uniq_jessica

Skill      XL: |  1  2 |
---------------+-------+-----
Long Blades    | 3 |  3.6
Dodging        | 3 |  3.0
Fighting       | |  2.6
Throwing       | |  1.8
Armour         | |  0.3
Stealth        | |  0.2

Action                   || total
-------------------------++-------
Melee: Long sword        ||   111
  Eat: Chunk             ||     2
Armor: Leather armour    ||    46
Dodge: Dodged            ||   103
       Rpst.: Long sword ||    27
